Map: 乌雷纳

Players

平步青云

  • Race: Terran Terran

电脑难度 (极难) - Winner!

  • Race: Zerg Zerg

VOD

Have the link to the VOD?

Description

Time

  • Played on: Jan. 1, 2016, 2:54 a.m.
  • Length: 9:20
Show
View Real Time Build Order
Export as new Build Order

平步青云 Terran 

Build Orders:  

Get SALT Encoding   

  12  0:00  SCV  
  13  0:13  SCV  
  14  0:21  Supply Depot  
  14  0:25  SCV  
  15  0:38  Refinery  
  15  0:43  SCV  
  15  0:45  Barracks  
  16  0:57  SCV  
  17  1:10  SCV  
  18  1:19  Barracks  
  18  1:22  SCV  
  19  1:34  SCV  
  19  1:36  Barracks  
  20  1:44  Supply Depot  
  20  1:46  SCV  
  21  1:59  Barracks Reactor  
  21  2:01  SCV  
  22  2:06  Refinery  
  22  2:12  Barracks Tech Lab  
  22  2:13  SCV  
  23  2:23  Supply Depot  
  23  2:25  SCV  
  23  2:29  Barracks Reactor  
  24  2:33  Concussive Shells  
  24  2:35  Marine  
  24  2:36  Marine  
  26  2:37  SCV  
  27  2:51  Marauder  
  29  2:53  Marine x2  
  29  2:54  SCV  
  31  3:07  Orbital Command  
  32  3:14  Marine x2  
  32  3:16  Marauder  
  32  3:19  Marine x2  
  37  3:24  Factory  
  37  3:32  Marine x2  
  39  3:39  Combat Shields  
  39  4:05  Supply Depot  
  39  4:15  Marine  
  39  4:17  Marine  
  38  4:20  Marine x2  
  38  4:21  Marine  
  37  4:27  Supply Depot  
  37  4:40  Marine  
  37  4:41  Marine  
  37  4:43  Marine  
  37  4:44  Marine  
  41  4:46  Factory Tech Lab, Marauder  
  43  4:52  Supply Depot  
  43  5:01  Marine  
  43  5:02  Marine  
  43  5:03  Marine x2  
  47  5:07  Marauder  
  47  5:10  SCV  
  50  5:16  Supply Depot, Siege Tank  
  53  5:27  Engineering Bay  
  53  5:35  Marine x2  
  53  5:39  Supply Depot  
  53  5:42  Marauder  
  57  5:45  Marine  
  58  6:03  Starport  
  58  6:08  Supply Depot  
  58  6:44  Command Center  
  58  6:46  Supply Depot  
  58  6:48  Bunker  
  58  7:03  Starport  
  58  7:12  Supply Depot  
  58  7:13  Marine x4  
  58  7:14  Marauder  
  64  7:16  Starport Reactor  
  64  7:50  Refinery  
  64  7:52  Marine x3  
  64  7:54  Refinery  
  64  7:55  Marine  
  68  8:01  Medivac  
  70  8:12  SCV x2  
  72  8:23  Supply Depot  
  72  8:25  SCV  
  73  8:31  Starport Tech Lab  
  73  8:37  SCV, Medivac  
  76  8:49  SCV  
Show
View Real Time Build Order
Export as new Build Order

电脑难度 (极难) Zerg - Winner!

Build Orders: Pool First 

Get SALT Encoding   

  12  0:00  Drone  
  13  0:12  Overlord  
  13  0:17  Drone  
  14  0:30  Drone x2  
  16  0:42  Spawning Pool  
  15  0:44  Drone  
  15  0:48  Drone  
  17  1:13  Hatchery, Drone  
  17  1:16  Extractor  
  17  1:18  Drone  
  17  1:21  Extractor  
  17  1:24  Drone  
  17  1:28  Drone  
  18  1:38  Drone  
  19  1:48  Overlord  
  19  1:55  Queen  
  21  2:01  Zergling x2  
  22  2:10  Drone  
  23  2:24  Queen  
  23  2:27  Drone  
  26  2:34  Drone  
  27  2:38  Drone  
  27  2:42  Drone  
  29  2:57  Roach Warren  
  29  2:58  Drone  
  29  3:01  Zergling x2  
  29  3:05  Drone  
  30  3:07  Zergling x2  
  30  3:11  Zergling x2  
  32  3:18  Overlord  
  32  3:22  Drone  
  32  3:25  Drone  
  34  3:39  Roach  
  34  3:40  Roach x2  
  40  3:44  Roach  
  42  3:51  Lair  
  42  3:56  Overlord  
  42  4:01  Overlord  
  42  4:04  Zergling x2  
  43  4:14  Drone x2, Zergling x4  
  43  4:16  Zergling x2  
  47  4:19  Zergling x2  
  47  4:23  Roach  
  44  4:27  Roach  
  44  4:29  Zergling x2  
  47  4:33  Drone  
  47  4:34  Drone  
  47  4:37  Drone  
  50  4:41  Overlord  
  50  4:45  Roach  
  52  4:49  Roach  
  56  4:52  Roach  
  56  4:55  Roach  
  56  4:59  Overlord  
  58  5:05  Hydralisk Den  
  57  5:09  Drone  
  57  5:11  Drone  
  57  5:13  Drone  
  60  5:16  Drone  
  60  5:17  Drone  
  60  5:20  Drone  
  63  5:22  Drone  
  63  5:24  Drone  
  63  5:26  Drone  
  66  5:30  Overlord  
  66  5:32  Drone  
  66  5:34  Drone  
  66  5:35  Hydralisk  
  70  5:37  Hydralisk  
  70  5:39  Drone  
  70  5:41  Drone  
  74  5:43  Drone  
  74  5:48  Drone, Overlord  
  76  5:51  Drone  
  76  5:55  Infestation Pit  
  76  5:57  Drone  
  76  5:59  Roach  
  76  6:02  Roach  
  76  6:04  Baneling Nest  
  80  6:06  Ravager  
  80  6:09  Overlord  
  81  6:12  Roach  
  81  6:13  Ravager  
  81  6:15  Roach  
  81  6:17  Hydralisk  
  88  6:20  Hydralisk  
  90  6:28  Overlord  
  90  6:31  Infestor  
  90  6:32  Infestor  
  94  6:36  Infestor, Roach  
  94  6:39  Extractor  
  98  6:40  Drone  
  98  6:45  Hatchery, Extractor  
  98  6:46  Drone  
  97  6:49  Overlord, Baneling  
  97  6:50  Drone  
  97  6:51  Baneling  
  97  6:52  Baneling  
  97  6:53  Baneling  
  98  6:55  Zergling x2  
  98  6:56  Baneling  
  98  6:57  Baneling  
  98  6:58  Zergling x2  
  100  7:02  Drone x2, Baneling  
  100  7:06  Baneling, Zergling x2  
  100  7:07  Overlord  
  103  7:08  Drone  
  103  7:12  Drone  
  103  7:13  Drone  
  103  7:14  Baneling  
  106  7:15  Overseer  
  106  7:17  Baneling, Zergling x2  
  106  7:19  Baneling  
  106  7:21  Baneling, Zergling x2  
  108  7:35  Infestor  
  108  7:36  Overlord  
  110  7:38  Roach  
  110  7:40  Roach  
  114  7:49  Evolution Chamber  
  114  7:50  Drone  
  114  7:51  Spine Crawler  
  113  7:52  Drone  
  113  7:54  Centrifical Hooks  
  113  7:57  Evolution Chamber  
  114  7:58  Drone x2  
  114  7:59  Drone x3, Spine Crawler  
  114  8:01  Drone  
  114  8:02  Drone  
  114  8:05  Drone  
  120  8:06  Drone, Extractor  
  120  8:08  Drone  
  120  8:10  Drone  
  120  8:12  Overlord  
  122  8:14  Drone  
  122  8:16  Drone  
  122  8:17  Drone  
  122  8:19  Drone  
  126  8:20  Drone  
  126  8:22  Drone  
  126  8:23  Drone  
  126  8:24  Drone  
  126  8:26  Drone  
  131  8:27  Drone  
  131  8:29  Drone  
  133  8:35  Overlord  
  133  8:36  Drone  
  133  8:40  Drone  
  135  8:45  Spore Crawler  
  135  8:46  Drone  
  135  8:47  Spore Crawler  
  135  8:48  Drone  
  135  8:49  Hydralisk  
  135  8:50  Zergling x2  
  135  8:51  Zergling x2  
  135  8:54  Overlord  
  135  8:55  Zergling x2  
  132  8:56  Zergling x2  
  132  8:57  Zergling x2  
  132  9:00  Roach  
  132  9:01  Roach  
Tags
 
Matchup
TvZ
Opening
Pool First
Replay Pack
中心协议 (3)
Add a new tag
Caveats
  • Supply blocks, unpowered buildings, or Contaminate may cause inaccurate times.
  • Supply counts are checked every 10 seconds.